 Dungeon Crawl Stone Soup version 0.30-a0-535-g2c0b3469a7 (webtiles) character file.

Game seed: 10316703946910254303

17190 Conn the Arsonist (level 12, 0/72 HPs)
             Began as an Octopode Fire Elementalist on Dec 25, 2022.
             Slain by an orc warrior
             ... wielding a +0 glaive
              (20 damage)
             ... on level 2 of the Orcish Mines.
             The game lasted 00:58:10 (14907 turns).

Conn the Arsonist (Octopode Fire Elementalist)     Turns: 14907, Time: 00:58:10

Health: 0/72       AC: 11    Str: 14    XL:     12   Next: 45%
Magic:  15/26      EV: 14    Int: 22    God:
Gold:   1286       SH:  0    Dex: 12    Spells: 5/32 levels left

rFire   . . .      SeeInvis +    H - +1 dagger (protect)
rCold   + . .      Faith    .    (no shield)
rNeg    + . .      Spirit   .    J - +2 hat {SInv}
rPois   .          Reflect  .    (no amulet)
rElec   .          Harm     .    l - +4 ring of protection
rCorr   .          Rampage  .    s - ring of protection from cold
Will    .....                    y - +4 ring of protection
Stlth   ++++                     B - ring of positive energy
HPRegen 0.32/turn                D - +6 ring of strength
MPRegen 0.20/turn                n - ring of see invisible
                                 (no ring)
                                 (no ring)

@: no status effects
A: almost no armour, amphibious, 8 rings, camouflage 1, gelatinous body 1,
(nimble swimmer 1), tentacles
a: no special abilities


You were on level 2 of the Orcish Mines.
You visited 3 branches of the dungeon, and saw 12 of its levels.

You collected 1953 gold pieces.
You spent 667 gold pieces at shops.

Inventory:

Hand Weapons
 c - a +3 short sword
 x - a +2 short sword of distortion
 H - a +1 dagger of protection (weapon)
Missiles
 k - 5 curare-tipped darts
 L - 3 atropa-tipped darts (quivered)
 N - 2 boomerangs of dispersal
Armour
 J - a +2 hat of see invisible (worn)
Jewellery
 l - a +4 ring of protection (left tentacle)
 n - a ring of see invisible (on tentacle)
 s - a ring of protection from cold (right tentacle)
 y - a +4 ring of protection (on tentacle)
 B - a ring of positive energy (on tentacle)
 D - a +6 ring of strength (on tentacle)
Wands
 f - a wand of light (11)
 A - a wand of digging (1)
 I - a wand of iceblast (2)
 M - a wand of paralysis (13)
Scrolls
 b - 2 scrolls of fog
 d - 2 scrolls of amnesia
 e - 2 scrolls of immolation
 g - 4 scrolls of poison
 h - 5 scrolls of noise
 m - 3 scrolls of vulnerability
 o - a scroll of fear
 t - 4 scrolls of teleportation
 w - 2 scrolls of blinking
 E - a scroll of brand weapon
Potions
 a - 2 potions of magic
 i - a potion of resistance
 j - 2 potions of curing
 p - a potion of experience
 q - 7 potions of heal wounds
 r - 3 potions of might
 u - a potion of degeneration
 v - 2 potions of haste
 z - a potion of lignification
 C - 3 potions of brilliance
 G - 2 potions of attraction
 K - 2 potions of mutation {unknown}


   Skills:
 + Level 2.7 Fighting
 + Level 3.0 Short Blades
 + Level 0.2 Throwing
 + Level 4.1 Dodging
 + Level 6.4 Stealth
 + Level 10.7 Spellcasting
 + Level 7.3 Conjurations
 + Level 3.6 Hexes
 + Level 3.5 Translocations
 + Level 2.5 Transmutations
 + Level 11.2 Fire Magic
 + Level 2.2 Air Magic
 + Level 3.7 Poison Magic
 + Level 0.2 Evocations


You had 5 spell levels left.
You knew the following spells:

 Your Spells              Type           Power      Damage    Failure   Level
a - Foxfire               Conj/Fire      100%       2x1d9     1%          1
b - Kindle Blastsparks    Fire/Tloc/Air  72%        2d16      1%          3
c - Inner Flame           Hex/Fire       44%        N/A       1%          3
d - Flame Wave            Conj/Fire      52%        2d13      1%          4
e - Scorch                Fire           100%       2d10      1%          2
f - Sticky Flame          Conj/Fire      52%        2d7       1%          4
g - Mephitic Cloud        Conj/Pois/Air  31%        N/A       2%          3
h - Olgreb's Toxic Radia  Pois           28%        N/A       12%         4
i - Ignite Poison         Fire/Tmut/Pois 37%        N/A       1%          3

Your spell library contained the following spells:

 Spells                   Type           Power      Damage    Failure   Level
 Sting                    Tmut/Pois      100%       1d8       1%          1
 Poisonous Vapours        Pois/Air       50%        N/A       2%          2
 Cigotuvi's Dreadful Rot  Necr/Pois/Air  40%        N/A       3%          2
 Ignition                 Fire           28%        3d9       98%         8
 Ozocubu's Refrigeration  Ice            5%         4d8       100%        7


Dungeon Overview and Level Annotations

Branches:
Dungeon (9/15)             Temple (1/1) D:7             Orc (2/2) D:9
    Elf (0/3) Orc:2
   Lair: D:8-11

Altars:
Ashenzari
Cheibriados
Dithmenos
Elyvilon
Fedhas
Kikubaaqudgha
Makhleb
Nemelex Xobeh
Okawaru
Qazlal
Ru
Trog
Uskayaw
Xom
Yredelemnul
Zin
The Shining One

Shops:
D:3 [!*   D:8 ?!:   Orc:1 (   Orc:2 *?


Innate Abilities, Weirdness & Mutations

You cannot wear most types of armour.
You are amphibious.
You can wear up to eight rings at the same time.
Your skin changes colour to match your surroundings (Stealth+).
Your rubbery body absorbs attacks. (AC +1, EV +1)
((You are camouflaged when in or above water. (Stealth+)))
You have tentacles for arms and can constrict up to eight enemies at once.


Message History

Flames lash the ice devil.
The ice devil is burned terribly!
Flame seeps out of the ice devil.
The ice devil is heavily wounded.
The ice devil's fire resistance burns away.
Unknown command.
Casting: Scorch (safe; 1% risk of failure)
Confirm with . or Enter, or press ? or * to list all spells.
Flames lash the ice devil.
The ice devil is burned terribly!
Flame seeps out of the ice devil.
The ice devil is heavily wounded.
The ice devil is engulfed in blazing flames.
Flame seeps out of the ice devil.
Unknown command.
Casting: Scorch (safe; 1% risk of failure)
Confirm with . or Enter, or press ? or * to list all spells.
You conjure some foxfire!
The ice devil hits you but does no damage.
Unknown command.
The foxfire hits the ice devil.
Flame seeps out of the ice devil.
The ice devil is severely wounded.
The foxfire hits the orc warrior.
The orc warrior is lightly wounded.
The ice devil is engulfed in blazing flames.
Flame seeps out of the ice devil.
The orc warrior hits you from afar with a +0 glaive!
The orc high priest mumbles some strange prayers to Beogh.
Unknown command.
Casting: Foxfire (safe; 1% risk of failure)
Confirm with . or Enter, or press ? or * to list all spells.
Casting: Flame Wave (dangerous; 1% risk of failure)
Press: ? - help, Dir - look around, f - activate A wave of flame ripples out!
The flame wave engulfs the ice devil!
The ice devil is burned terribly! (Press . to intensify the flame waves.)
The ice devil explodes!
The fiery explosion engulfs you!!
You are engulfed in blazing flames.
* * * LOW HITPOINT WARNING * * *
You hear a shout! x10
The orc warrior hits you from afar with a +0 glaive!!
You die...

#............##.).#............
##..........###).###...........
###....##..###).#####..........
##......#..###).###.###.........
##....#....###))###...###........
.#...##...###))###.#.# ##.......
....####.###).###...# ##......
...## ####))###...# ##..... ...#
##).###§@§# ##.... #..##
##).)..)§.## ##... #...#
##....#)o○## #..
....###...#).o3##
#..###∩.#.....## ..###.....#)4##
...###∩.#.....##
....###...#....## #.
...#.###....#...## #o.


You could see an orc high priest, an ice devil (summoned), a ynoxinul (summoned)
and an orc warrior.

Vanquished Creatures
  Gastronok (D:8)
  2 two-headed ogres (D:9)
  A soul eater (Orc:2)
  Amaemon (D:8)
  Pikel (D:8)
  3 orc knights
  2 orc sorcerers (Orc:1)
  A rust devil (Orc:2)
  Maggie (D:6)
  An orange demon (D:8)
  An ice devil (Orc:2)
  3 trolls
  2 shadows
  Sigmund (D:5)
  3 wyverns
  4 yaks (D:9)
  2 steam dragons
  5 wargs (Orc:2)
  3 water moccasins
  Duvessa (D:7)
  A black bear (D:6)
  A sky beast (D:7)
  2 ogres
  29 orc warriors
  2 ice beasts
  2 centaurs (D:9)
  3 lemures (D:8)
  3 kobold brigands
  3 bullfrogs
  3 gnoll sergeants
  5 wights (D:8)
  Dowan (D:7)
  8 killer bees
  4 howler monkeys (D:9)
  4 jellies
  2 hounds
  Crazy Yiuf (D:7)
  29 orc priests
  2 iguanas (D:5)
  Natasha (thrice) (D:3)
  23 orc wizards
  Robin (D:2)
  25 gnolls
  6 adders
  A shadow imp (D:6)
  2 white imps (D:6)
  5 worms
  A dart slug (D:3)
  82 orcs
  7 bats
  3 endoplasms
  2 giant cockroaches
  18 hobgoblins
  2 jackals (D:3)
  A quokka (D:4)
  5 ball pythons
  2 frilled lizards
  21 goblins
  26 kobolds
  2 rats (D:1)
382 creatures vanquished.

Vanquished Creatures (collateral kills)
  2 foxfires
2 creatures vanquished.

Vanquished Creatures (others)
  1206 foxfires
  A plant (D:6)
1207 creatures vanquished.

Grand Total: 1591 creatures vanquished

Notes
Turn   | Place    | Note
-------+----------+-------------------------------------------
     0 | D:1      | Conn the Octopode Fire Elementalist began the quest for the
                  | Orb.
     0 | D:1      | Reached XP level 1. HP: 11/11 MP: 3/3
   166 | D:1      | Found a faded altar of an unknown god.
   301 | D:1      | Reached XP level 2. HP: 17/17 MP: 5/5
   424 | D:1      | Learned a level 2 spell: Scorch
  1077 | D:2      | Found a bloodstained altar of Trog.
  1132 | D:2      | Reached XP level 3. HP: 20/21 MP: 3/6
  1342 | D:2      | Noticed Robin
  1440 | D:2      | Killed Robin
  1441 | D:2      | Reached skill level 1 in Short Blades
  1541 | D:2      | Reached XP level 4. HP: 27/27 MP: 7/7
  1883 | D:3      | Reached XP level 5. HP: 14/31 MP: 1/9
  1996 | D:3      | Found Xoitun's Distillery.
  2017 | D:3      | Bought a potion of heal wounds for 50 gold pieces
  2017 | D:3      | Bought a potion of curing for 30 gold pieces
  2112 | D:3      | Found Vempupubag's Armour Shop.
  2207 | D:3      | Noticed Natasha
  2215 | D:3      | Killed Natasha
  2473 | D:3      | Noticed Natasha
  2484 | D:3      | Killed Natasha
  2485 | D:3      | Reached skill level 5 in Stealth
  2485 | D:3      | Reached skill level 4 in Fire Magic
  2485 | D:3      | Reached XP level 6. HP: 24/37 MP: 0/10
  2491 | D:3      | Found Zinaegetih's General Store.
  2523 | D:3      | Bought a scroll of teleportation for 42 gold pieces
  2692 | D:3      | Noticed Natasha
  2697 | D:3      | Killed Natasha
  3441 | D:5      | Entered Level 5 of the Dungeon
  3549 | D:5      | Noticed a water moccasin
  3666 | D:4      | Learned a level 3 spell: Kindle Blastsparks
  3670 | D:4      | Learned a level 3 spell: Inner Flame
  4217 | D:5      | Reached XP level 7. HP: 37/42 MP: 10/13
  4348 | D:5      | Reached skill level 1 in Fighting
  4354 | D:5      | Reached skill level 5 in Fire Magic
  4566 | D:5      | Noticed Sigmund
  4704 | D:4      | Learned a level 4 spell: Flame Wave
  4764 | D:5      | Reached XP level 8. HP: 48/48 MP: 6/15
  4933 | D:5      | Reached skill level 5 in Spellcasting
  5061 | D:5      | Killed Sigmund
  5091 | D:5      | Reached skill level 6 in Fire Magic
  5833 | D:6      | Found a hide-covered altar of Uskayaw.
  5932 | D:6      | Found an iron altar of Okawaru.
  5977 | D:6      | Found a shadowy altar of Dithmenos.
  6086 | D:6      | Reached skill level 7 in Fire Magic
  6220 | D:6      | Reached XP level 9. HP: 53/53 MP: 18/18
  6410 | D:6      | Noticed Maggie
  6418 | D:6      | Killed Maggie
  7043 | D:6      | Identified a scroll of acquirement
  7043 | D:6      | Acquired 745 gold pieces
  7396 | D:7      | Reached skill level 1 in Hexes
  7529 | D:7      | Found a staircase to the Ecumenical Temple.
  7533 | D:7      | Noticed Dowan
  7538 | Temple   | Entered the Ecumenical Temple
  7767 | D:7      | Noticed Duvessa
  7774 | D:7      | Killed Duvessa
  7779 | D:7      | Killed Dowan
  7805 | D:7      | Reached skill level 5 in Conjurations
  7945 | D:6      | Learned a level 4 spell: Sticky Flame
  7972 | D:7      | Reached skill level 8 in Fire Magic
  8082 | D:7      | Reached XP level 10. HP: 60/60 MP: 15/21
  8342 | D:7      | Found a runed translucent door.
  8343 | D:7      | Noticed Crazy Yiuf
  8349 | D:7      | Killed Crazy Yiuf
  8447 | D:8      | Noticed Gastronok
  8462 | D:8      | Killed Gastronok
  8627 | D:8      | Found Puneic's Book Shoppe.
  8664 | D:8      | Bought a book of Vapours for 240 gold pieces
  8668 | D:8      | Learned a level 3 spell: Mephitic Cloud
  8713 | D:8      | Found Koakh's Distillery.
  8718 | D:8      | Found Gueck's Magic Scroll Emporium.
  8720 | D:8      | Bought a potion of lignification for 30 gold pieces
  8901 | D:8      | Found Tipsoenee's Magic Scroll Emporium.
  8985 | D:8      | Reached skill level 9 in Fire Magic
  9154 | D:8      | Noticed Pikel
  9154 | D:8      | Noticed Amaemon
  9154 | D:8      | Noticed an orange demon
  9178 | D:8      | Killed an orange demon
  9181 | D:8      | Killed Pikel
  9287 | D:8      | Killed Amaemon
  9584 | D:8      | Found a basalt altar of Yredelemnul.
  9910 | D:8      | Reached XP level 11. HP: 55/65 MP: 18/24
  9967 | D:9      | Noticed a two-headed ogre
  9967 | D:9      | Found an ancient bone altar of Kikubaaqudgha.
  9973 | D:9      | Killed a two-headed ogre
 10092 | D:9      | Reached skill level 10 in Fire Magic
 10099 | D:9      | Noticed a two-headed ogre
 10117 | D:9      | Killed a two-headed ogre
 10619 | D:9      | Learned a level 4 spell: Olgreb's Toxic Radiance
 10623 | D:9      | Learned a level 3 spell: Ignite Poison
 10701 | D:9      | Found a stormy altar of Qazlal.
 10730 | D:9      | Reached skill level 1 in Poison Magic
 10944 | D:9      | Reached skill level 10 in Spellcasting
 11367 | D:9      | Found a staircase to the Orcish Mines.
 11510 | Orc:1    | Entered Level 1 of the Orcish Mines
 11510 | Orc:1    | Noticed an orc sorcerer
 11511 | Orc:1    | Killed an orc sorcerer
 11512 | Orc:1    | Reached skill level 1 in Translocations
 11515 | Orc:1    | Reached skill level 1 in Transmutations
 11639 | Orc:1    | Noticed an orc sorcerer
 11658 | Orc:1    | Paralysed by an orc sorcerer for 3 turns
 11664 | Orc:1    | Killed an orc sorcerer
 11665 | Orc:1    | Reached skill level 1 in Air Magic
 11805 | Orc:1    | Noticed an orc knight
 11829 | Orc:1    | Killed an orc knight
 12093 | Orc:1    | Found Xuoheiwna's Antique Weapon Shop.
 12388 | Orc:2    | Entered Level 2 of the Orcish Mines
 12402 | Orc:2    | Noticed an orc knight
 12530 | Orc:2    | Found a staircase to the Elven Halls.
 12578 | Orc:2    | Reached XP level 12. HP: 46/72 MP: 20/26
 13109 | Orc:2    | Noticed an orc warlord
 13959 | Orc:2    | Reached skill level 11 in Fire Magic
 14435 | Orc:2    | Found Ficsycwoxki's General Store.
 14436 | Orc:2    | Noticed a soul eater
 14451 | Orc:2    | Killed a soul eater
 14612 | Orc:2    | Found Kumesm's Magic Scroll Shop.
 14680 | Orc:2    | Bought 2 potions of heal wounds for 170 gold pieces
 14682 | Orc:2    | Bought a scroll of blinking for 105 gold pieces
 14887 | Orc:2    | Noticed an orc high priest
 14907 | Orc:2    | Slain by an orc warrior

Illustrated notes

Levels and vault maps discovered:
D:1:      noname_arrival_rooms_in_the_neighbourhood, layout_loops_corners,
          ebering_ecumenical_altar_sacrificial
D:2:      layout_rooms, basic_altar, uniq_robin
D:3:      layout_basic, serial_shops, shop_statue, shop, shop, uniq_natasha
D:4:      cheibrodos_quashed, layout_basic
D:5:      layout_gridville, uniq_sigmund
D:6:      corexii_shantytown, layout_gridville, mainiacjoe_overflow_alcove_2,
          grunt_dithmenos_shadows, general_overflow_altar, uniq_maggie
D:7:      layout_rooms, minmay_temple_entry_large_hall, uniq_duvessa,
          uniq_crazy_yiuf_cottage
D:8:      layout_gridville, mainiacjoe_overflow_paths, serial_shops,
          nicolae_shop_temple_entry_statues_fountains, nicolae_shop_stone, shop,
          shop, minmay_misc_feat_doors, uniq_pikel, uniq_amaemon, uniq_gastronok
D:9:      layout_irregular_city, nicolae_kikubaaqudgha_miasma_corner,
          mainiacjoe_overflow_chevrons, david_orc_4
Temple:   dpeg_chambers_temple
Orc:1:    layout_diamond_mine, serial_shops, nicolae_shop_window_shopping
Orc:2:    pf_orc_diabolical, layout_caves, basic_altar

Skill      XL: |  1  2  3  4  5  6  7  8  9 10 11 12 |
---------------+-------------------------------------+-----
Stealth        | 3 4 5 6 |  6.4
Short Blades   | 1 2 3 |  3.0
Spellcasting   | 3 4 6 7 9 10 | 10.7
Fire Magic     | 4 5 7 8 9 10 11 | 11.2
Conjurations   | 2 3 5 6 7 |  7.3
Fighting       | 1 2 |  2.7
Hexes          | 1 2 3 |  3.6
Dodging        | 3 4 |  4.1
Poison Magic   | 3 |  3.7
Translocations | 2 3 |  3.5
Transmutations | 2 |  2.5
Air Magic      | 1 2 |  2.2
Throwing       | |  0.2
Evocations     | |  0.2

Action                   |  1- 3 |  4- 6 |  7- 9 | 10-12 || total
-------------------------+-------+-------+-------+-------++-------
Melee: Short sword       |    21 |    59 |    19 |       ||    99
       Tentacles         |     5 |     9 |     9 |    28 ||    51
       Constrict         |     3 |    15 |    11 |    17 ||    46
       Punch             |       |     1 |     1 |     2 ||     4
       Dagger            |       |       |    34 |    97 ||   131
Throw: Dart              |       |       |       |    12 ||    12
       Boomerang         |       |       |       |     1 ||     1
 Cast: Foxfire           |    50 |    96 |   168 |   383 ||   697
       Scorch            |       |    15 |    33 |    69 ||   117
       Inner Flame       |       |       |     9 |    46 ||    55
       Flame Wave        |       |       |     3 |    16 ||    19
       Kindle Blastspark |       |       |       |     6 ||     6
       Mephitic Cloud    |       |       |       |     9 ||     9
       Olgreb's Toxic Ra |       |       |       |     1 ||     1
       Sticky Flame      |       |       |       |     1 ||     1
       Ignite Poison     |       |       |       |     1 ||     1
Evoke: Wand              |       |     1 |       |     4 ||     5
  Use: Potion            |       |     1 |     3 |     5 ||     9
       Scroll            |       |       |    21 |     7 ||    28
 Stab: Sleeping          |     4 |     7 |     5 |     3 ||    19
       Invisible         |       |     1 |       |       ||     1
Armor: Skin              |     4 |    13 |    32 |    68 ||   117
Dodge: Dodged            |    13 |    32 |    61 |   144 ||   250

Table legend: (Time is in decaauts)
 A = Elapsed time spent in this place.
 B = Non-inter-level travel time spent in this place.
 C = Inter-level travel time spent in this place.
 D = Time resting spent in this place.
 E = Time spent auto-exploring this place.
 F = Levels seen in this place.
 G = Mean time per level.
                   A        B        C        D        E       F      G
               +--------+--------+--------+--------+--------+-----+--------+
         Total |  14885 |  14601 |    284 |   1212 |   8873 |  12 | 1240.4 |
       Dungeon |  11274 |  11013 |    261 |    606 |   7136 |   9 | 1252.7 |
        Temple |    219 |    197 |     22 |      0 |    170 |   1 |  219.0 |
  Orcish Mines |   3390 |   3390 |      0 |    606 |   1567 |   2 | 1695.0 |
               +--------+--------+--------+--------+--------+-----+--------+

Top non-repeatable levels by time:
   Orc:2: 2256 daAuts
     D:8: 1545 daAuts
     D:9: 1543 daAuts
     D:6: 1513 daAuts
     D:5: 1443 daAuts
     D:4: 1436 daAuts
     D:3: 1173 daAuts
   Orc:1: 1134 daAuts
     D:1: 998 daAuts
     D:7: 851 daAuts
     D:2: 768 daAuts
  Temple: 219 daAuts
